 Dungeon Crawl Stone Soup version 0.21.1-1-g345015f (webtiles) character file.

2136 sking99 the Grappler (level 9, -6/74 (75) HPs)
             Began as a Ghoul Monk on June 28, 2018.
             Was a Believer of Kikubaaqudgha.
             Mangled by Prince Ribbit (12 damage)
             ... on level 7 of the Dungeon.
             The game lasted 00:19:22 (6385 turns).

sking99 the Grappler (Ghoul Monk)                   Turns: 6385, Time: 00:19:23

HP:   -6/74 (75)    AC:  9    Str: 15    XL:     9   Next: 30%
MP:   12/12         EV: 12    Int:  8    God:    Kikubaaqudgha [**....]
Gold: 389           SH:  4    Dex: 11    Spells: 12/13 levels left

rFire    . . .     SeeInvis +     - Unarmed
rCold    + . .     Gourm    .   w - +0 buckler
rNeg     + + +     Faith    .   C - +0 robe
rPois    ∞         Spirit   .   A - +1 helmet
rElec    .         Reflect  .   s - +2 cloak
rCorr    +         Harm     .   y - +0 pair of gloves
MR       .....                  v - +0 pair of boots
Stlth    ++........             (no amulet)
HPRegen  0.00/turn              l - ring of see invisible
MPRegen  0.13/turn              o - ring of resist corrosion

@: rotting
A: rotting body, claws 1, carnivore, cold resistance 1, negative energy
resistance 3, inhibited regeneration, torment resistance, unbreathing
a: Receive Corpses, Renounce Religion


You were on level 7 of the Dungeon.
You worshipped Kikubaaqudgha.
Kikubaaqudgha was pleased with you.
You were not hungry.

You visited 2 branches of the dungeon, and saw 8 of its levels.

You collected 389 gold pieces.

Inventory:

Armour
 a - a +0 robe
 k - a +0 leather armour
 s - a +2 cloak (worn)
 v - a +0 pair of boots (worn)
 w - a +0 buckler (worn)
 y - a +0 pair of gloves (worn)
 A - a +1 helmet (worn)
 C - a +0 robe (worn)
Jewellery
 d - the amulet "Sezappo" {Spirit Int+4}
   (You found it on level 5 of the Dungeon)

   [amulet of guardian spirit]

   It causes incoming damage to be split between your health and magic.
   It affects your intelligence (+4).
 j - an uncursed ring of magical power
 l - a ring of see invisible (left hand)
 o - a ring of resist corrosion (right hand)
 G - a +4 ring of intelligence {unknown}
Wands
 J - a wand of flame (4)
Scrolls
 e - 6 scrolls of identify
 f - 2 scrolls of remove curse
 h - 2 scrolls of enchant armour
 z - 2 scrolls of fear
 D - a scroll of immolation
 E - a scroll of fog {unknown}
 F - a scroll of teleportation {unknown}
 H - a scroll of amnesia {unknown}
 I - a scroll of noise {unknown}
Potions
 c - a potion of heal wounds {unknown}
 g - 3 potions of lignification {unknown}
 i - a potion of curing {unknown}
 m - 2 potions of might
 n - a potion of berserk rage {unknown}
 p - 2 potions of ambrosia
 q - a potion of magic {unknown}
 r - a potion of brilliance {unknown}
 t - a potion of resistance {unknown}
 u - 2 potions of mutation {unknown}
 x - 3 potions of agility {unknown}
Books
 B - Kikubaaqudgha's Volume of Necromancy
   (Kikubaaqudgha gifted it to you in the Ecumenical Temple)

   Spells                             Type                      Level
   a - Animate Skeleton               Necromancy                   1
   b - Pain                           Necromancy                   1
   c - Corpse Rot                     Necromancy                   2
   d - Regeneration                   Charms/Necromancy            3
Comestibles
 b - 10 rations


   Skills:
 - Level 5.9 Fighting
 - Level 2.6 Dodging
 - Level 2.1 Stealth
 - Level 4.1 Shields
 - Level 9.2 Unarmed Combat
 + Level 2.6 Spellcasting
 * Level 4.9 Necromancy


You had 12 spell levels left.
You knew the following spells:

 Your Spells              Type           Power        Failure   Level  Hunger
a - Animate Skeleton      Necr           N/A          4%          1    ##.....


Dungeon Overview and Level Annotations

Branches:
Dungeon (7/15)             Temple (1/1) D:5

Altars:
Ashenzari
Cheibriados
Dithmenos
Elyvilon
Fedhas
Gozag
Hepliaklqana
Kikubaaqudgha
Makhleb
Nemelex Xobeh
Qazlal
Ru
Sif Muna
Uskayaw
Vehumet
Xom
Yredelemnul
Zin
The Shining One
Beogh

Annotations:
D:7 Joseph, Prince Ribbit


Innate Abilities, Weirdness & Mutations

Your body is rotting away.
You thrive on raw meat.
You are immune to poison.
You have sharp fingernails.
You are carnivorous and can eat meat at any time.
Your flesh is cold resistant. (rC+)
You are immune to negative energy. (rN+++)
You do not regenerate when monsters are visible.
You are immune to unholy pain and torment.
You can survive without breathing.


Message History

Prince Ribbit blinks!
Joseph hits you with an uncursed quarterstaff.
* * * LOW HITPOINT WARNING * * *
You barely miss Joseph.
Joseph is lightly wounded.
Joseph shouts, "At last, some action!"
Joseph hits you with an uncursed quarterstaff.
* * * LOW HITPOINT WARNING * * *
You barely miss Joseph.
Joseph is lightly wounded.
Joseph hits you with an uncursed quarterstaff.
* * * LOW HITPOINT WARNING * * *
Prince Ribbit hits you.
* * * LOW HITPOINT WARNING * * *
You see here a sling bullet.
You miss Prince Ribbit.
Prince Ribbit is severely wounded.
Prince Ribbit hits you!
You die...
Kikubaaqudgha rasps: "You have failed me!
Welcome... oblivion!"

####........
..#........
..........
#.........
.........
##.!######
###Y.# #..@F#
#.##@##
#..########
######.(........
...[............
########.######
#.# ###.##
#....# #.[..##


You could see Joseph, Prince Ribbit and an ice beast.

Vanquished Creatures
  The ghost of reamonnk the Chopper, a novice MiBe of Trog (D:5)
  A hippogriff (D:7)
  The ghost of Britaniac the Grave Robber, an amateur DsNe (D:4)
  A black bear (D:4)
  3 ogres (D:6)
  2 orc warriors (D:6)
  2 bullfrogs (D:6)
  Blork the orc (D:4)
  4 crimson imps
  3 orc priests
  2 orc wizards
  Jessica (D:2)
  A bullfrog skeleton (D:4)
  2 iguanas
  4 worker ants
  A hound skeleton (D:6)
  A mummy (D:7)
  Robin (D:3)
  2 worker ant zombies
  7 adders
  A shadow imp (D:5)
  An ooze (D:5)
  An adder skeleton (D:6)
  An adder zombie (D:6)
  5 dart slugs
  4 worms
  3 leopard geckos
  13 orcs
  2 ball pythons (D:3)
  8 bats
  2 giant cockroaches (D:6)
  19 goblins
  6 hobgoblins
  3 jackals (D:1)
  A quokka (D:5)
  9 frilled lizards
  2 kobolds (D:1)
  2 quokka skeletons
  13 rats
137 creatures vanquished.

Vanquished Creatures (collateral kills)
  A black bear (D:6)
  A centaur (D:6)
  2 orcs (D:6)
4 creatures vanquished.

Grand Total: 141 creatures vanquished

Notes
Turn   | Place    | Note
-------+----------+-------------------------------------------
     0 | D:1      | sking99 the Ghoul Monk began the quest for the Orb.
     0 | D:1      | Reached XP level 1. HP: 19/19 MP: 0/0
   159 | D:1      | Reached XP level 2. HP: 5/26 MP: 1/1
   567 | D:1      | Reached skill level 4 in Unarmed Combat
   929 | D:1      | Reached XP level 3. HP: 33/33 MP: 2/2
  1377 | D:2      | Reached XP level 4. HP: 31/40 MP: 3/3
  1569 | D:2      | Found a sparkling altar of Nemelex Xobeh.
  1593 | D:2      | Noticed Jessica
  1597 | D:2      | Killed Jessica
  1597 | D:2      | Reached skill level 5 in Unarmed Combat
  1720 | D:2      | Found a glowing silver altar of Zin.
  1742 | D:2      | Reached XP level 5. HP: 39/47 MP: 4/4
  2087 | D:3      | Noticed Robin
  2111 | D:3      | Killed Robin
  2385 | D:3      | Reached skill level 6 in Unarmed Combat
  2400 | D:3      | Reached XP level 6. HP: 21/55 MP: 5/5
  2852 | D:4      | Reached skill level 5 in Fighting
  2944 | D:4      | Noticed a black bear
  2953 | D:4      | Killed a black bear
  3023 | D:4      | Noticed Blork the orc
  3031 | D:4      | Killed Blork the orc
  3031 | D:4      | Reached skill level 7 in Unarmed Combat
  3031 | D:4      | Reached XP level 7. HP: 56/61 MP: 6/6
  3083 | D:4      | Found a roughly hewn altar of Beogh.
  3121 | D:4      | Noticed Britaniac's ghost (amateur DsNe)
  3192 | D:4      | Killed Britaniac's ghost
  3703 | D:5      | Entered Level 5 of the Dungeon
  3721 | D:5      | Reached skill level 8 in Unarmed Combat
  3865 | D:5      | Reached skill level 1 in Shields
  3871 | D:5      | Noticed reamonnk's ghost (novice MiBe)
  3912 | D:4      | Paralysed by a crimson imp for 7 turns
  3985 | D:5      | Killed reamonnk's ghost
  3985 | D:5      | Reached skill level 9 in Unarmed Combat
  3985 | D:5      | Reached XP level 8. HP: 17/70 MP: 7/7
  4333 | D:5      | Got a smoking platinum amulet
  4334 | D:5      | Identified the amulet "Sezappo" {Spirit Int+4} (You found it on level 5 of the Dungeon)
  4458 | D:5      | Found a staircase to the Ecumenical Temple.
  4464 | Temple   | Entered the Ecumenical Temple
  4572 | Temple   | Became a worshipper of Kikubaaqudgha
  4572 | Temple   | Reached * piety under Kikubaaqudgha
  4572 | Temple   | Identified Kikubaaqudgha's Volume of Necromancy (Kikubaaqudgha gifted it to you in the Ecumenical Temple)
  4572 | Temple   | Received a gift from Kikubaaqudgha
  4572 | Temple   | Reached ** piety under Kikubaaqudgha
  4576 | Temple   | Learned a level 1 spell: Animate Skeleton
  4827 | D:6      | Reached skill level 1 in Necromancy
  4858 | D:6      | Reached skill level 1 in Spellcasting
  4961 | D:6      | HP: 1/70 [orc warrior/enchanted mace (20)]
  5522 | D:6      | Reached XP level 9. HP: 35/72 MP: 10/10
  5831 | D:6      | Found a radiant altar of Vehumet.
  5831 | D:6      | Found a burning altar of Makhleb.
  5967 | D:7      | Noticed Prince Ribbit
  5967 | D:7      | Noticed Joseph
  6251 | D:7      | Found a snail-covered altar of Cheibriados.
  6328 | D:7      | HP: 1/74 [Prince Ribbit (9)]
  6385 | D:7      | Mangled by Prince Ribbit

Skill      XL: |  1  2  3  4  5  6  7  8  9 |
---------------+----------------------------+-----
Unarmed Combat | 4 5 6 7 9 |  9.2
Fighting       | 4 5 |  5.9
Shields        | 2 3 4 |  4.1
Necromancy     | 3 4 |  4.9
Spellcasting   | 1 2 |  2.6
Dodging        | |  2.6
Stealth        | |  2.1

Action                   |  1- 3 |  4- 6 |  7- 9 || total
-------------------------+-------+-------+-------++-------
Melee: Unarmed           |   128 |   168 |   343 ||   639
       Punch             |     3 |     3 |     3 ||     9
 Cast: Animate Skeleton  |       |       |     6 ||     6
  Use: Scroll            |       |     5 |     1 ||     6
 Stab: Sleeping          |     3 |     3 |     3 ||     9
  Eat: Chunk             |    13 |    11 |    26 ||    50
Armor: Robe              |    17 |       |    30 ||    47
       Leather armour    |     8 |    30 |    52 ||    90
Dodge: Dodged            |    58 |    96 |   134 ||   288
Block: Buckler           |       |       |    47 ||    47
